Map: 天藍降臨 - 天梯版

Players

Has - Winner!

  • Race: Protoss Protoss
  • League: Master
  • Spawn Location: 1:00

Aventador (Oliveira)

  • Race: Terran Terran
  • League: Master
  • Spawn Location: 7:00

Event: IEM Season 13 - Katowice Server Qualifiers America

VOD

Have the link to the VOD?

Description

Time

  • Played on: Jan. 6, 2019, 4:52 p.m.
  • Length: 5:46

All games in this series

Show
View Real Time Build Order
Export as new Build Order

Has Protoss - Winner!

Build Orders:  

Get SALT Encoding   

  12  0:01  Probe  
  13  0:13  Probe  
  14  0:17  Pylon  
  14  0:24  Probe  
  15  0:32  Probe  
  15  0:38  Gateway  
  15  0:41  Probe  
  17  0:50  Pylon  
  17  0:52  Probe  
  18  1:01  Assimilator  
  19  1:08  Gateway  
  18  1:12  Probe  
  19  1:25  Cybernetics Core  
  20  1:30  Zealot  
  22  1:32  Probe  
  22  1:39  Assimilator  
  22  1:44  Probe  
  23  1:52  Stalker  
  23  1:55  Adept  
  24  2:08  Pylon  
  27  2:09  Warp Gate  
  27  2:11  Probe  
  28  2:22  Stalker  
  30  2:38  Robotics Facility  
  30  3:00  Gateway  
  30  3:02  Gateway  
  28  3:14  Stalker  
  28  3:15  Warp Prism, Stalker  
  34  3:37  Pylon  
  34  3:38  Probe  
  35  4:11  Stalker x4  
  43  4:20  Observer  
  44  4:34  Zealot  
  46  4:48  Pylon x2  
  46  4:54  Probe  
  47  5:08  Zealot x4  
  40  5:29  Stalker x3  
Show
View Real Time Build Order
Export as new Build Order

Aventador Terran 

Build Orders: Cyclone Opening 

Get SALT Encoding   

  12  0:00  SCV  
  13  0:12  SCV  
  14  0:17  Supply Depot  
  14  0:25  SCV  
  15  0:39  SCV  
  16  0:44  Barracks  
  16  0:45  Refinery  
  16  0:51  SCV  
  16  0:54  Refinery  
  17  1:03  SCV  
  18  1:15  SCV  
  19  1:31  Reaper, Orbital Command  
  20  1:35  Supply Depot  
  20  1:44  Factory  
  20  1:57  SCV  
  21  2:10  SCV  
  22  2:21  Barracks Reactor  
  22  2:24  Marine  
  22  2:25  SCV  
  22  2:28  Factory Tech Lab  
  22  2:29  Bunker  
  24  2:33  Supply Depot  
  24  2:36  Starport  
  24  2:42  Marine  
  25  2:47  Cyclone  
  25  2:49  SCV  
  28  3:00  Marine  
  28  3:01  SCV  
  29  3:12  Starport Tech Lab  
  27  3:13  SCV  
  28  3:25  SCV  
  32  3:33  Banshee  
  32  3:35  Barracks Reactor  
  32  3:48  SCV  
  32  3:51  Supply Depot  
  33  4:01  Command Center, SCV  
  34  4:08  Siege Tank  
  37  4:13  SCV  
  38  4:20  Banshee  
  41  4:26  Marine  
  41  4:39  Supply Depot  
  41  4:44  Marine  
  39  5:01  Marine, SCV, Siege Tank  
  39  5:02  Marine  
  43  5:13  SCV  
  34  5:19  Marine  
  34  5:20  Marine  

Tags
 
Add a new tag
Caveats
  • Supply blocks, unpowered buildings, or Contaminate may cause inaccurate times.
  • Supply counts are checked every 10 seconds.